 Dungeon Crawl Stone Soup version 0.30-a0-1008-g30c9307041 (webtiles) character file.

Game seed: 15018498773757766193

224 mandoloar the Insei (level 6, -4/41 HPs)
             Began as an Octopode Transmuter on Apr 5, 2023.
             Slain by Ijyb
             ... wielding a +3 dagger of electrocution
              (6 damage)
             ... on level 4 of the Dungeon.
             The game lasted 00:11:04 (4898 turns).

mandoloar the Insei (Octopode Transmuter)           Turns: 4898, Time: 00:11:05

Health: -4/41      AC:  1    Str:  9    XL:     6   Next: 0%
Magic:  2/10       EV: 13    Int: 18    God:
Gold:   143        SH:  0    Dex: 12    Spells: 3/10 levels left

rFire   . . .      SeeInvis .      - Unarmed
rCold   . . .      Faith    .    (no shield)
rNeg    . . .      Spirit   .    (helmet currently unavailable)
rPois   .          Reflect  .    (no amulet)
rElec   .          Rampage  .    (no ring)
rCorr   .                        (no ring)
Will    .....                    (no ring)
Stlth   ++                       (no ring)
HPRegen 0.26/turn                (no ring)
MPRegen 0.12/turn                (no ring)
                                 (no ring)
                                 (no ring)

@: appendages, slightly contaminated
A: tentacle spike 3, almost no armour, amphibious, 8 rings, camouflage 1,
gelatinous body 1, (nimble swimmer 1), tentacles
a: End Transformation


You were on level 4 of the Dungeon.
One of your tentacles had grown a beastly spike.
You visited 1 branch of the dungeon, and saw 4 of its levels.

You collected 143 gold pieces.

Inventory:

Missiles
 b - 6 poisoned darts
 f - 42 stones
Scrolls
 c - a scroll of enchant weapon
 d - a scroll of magic mapping
 g - a scroll of teleportation
 h - a scroll of immolation
 l - a scroll of poison {unknown}
Potions
 a - a potion of lignification
 e - a potion of cancellation {unknown}
 i - 2 potions of berserk rage
 j - a potion of attraction
 k - 2 potions of mutation {unknown}
 m - a potion of degeneration {unknown}
 n - a potion of haste {unknown}
 o - a potion of might {unknown}


   Skills:
 + Level 2.4 Fighting
 + Level 3.1 Dodging
 + Level 3.9 Unarmed Combat
 + Level 2.9 Spellcasting
 + Level 3.1 Transmutations
 + Level 0.9 Ice Magic


You had 3 spell levels left.
You knew the following spells:

 Your Spells              Type           Power      Damage    Failure   Level
a - Beastly Appendage     Tmut           28%        N/A       4%          1
b - Wereblood             Tmut           14%        N/A       7%          2
c - Ice Form              Ice/Tmut       10%        N/A       56%         4

Your spell library contained the following spells:

 Spells                   Type           Power      Damage    Failure   Level
 Spider Form              Tmut/Pois      8%         N/A       26%         3


Dungeon Overview and Level Annotations

Branches:
Dungeon (4/15)
 Temple: D:4-7

Altars:

Shops:
D:1 ?

Annotations:
D:4 Ijyb


Innate Abilities, Weirdness & Mutations

One of your tentacles has grown a beastly spike.
You cannot wear most types of armour.
You are amphibious.
You can wear up to eight rings at the same time.
Your skin changes colour to match your surroundings (Stealth+).
Your rubbery body absorbs attacks. (AC +1, EV +1)
((You are camouflaged when in or above water. (Stealth+)))
You have tentacles for arms and can constrict up to eight enemies at once.


Message History

One of your tentacles grows a vicious spike.
Ijyb hits you with a +3 dagger of electrocution.
You barely miss Ijyb. You grab Ijyb.
Your tentacle spike misses Ijyb.
You constrict Ijyb, but do no damage. Ijyb closely misses you.
You tentacle-slap Ijyb.
You pierce Ijyb.
Ijyb is moderately wounded.
You constrict Ijyb.
Ijyb hits you with a +3 dagger of electrocution!
You tentacle-slap Ijyb but do no damage.
You pierce Ijyb, but do no damage.
You squeeze Ijyb.
Ijyb is heavily wounded.
You constrict Ijyb.
Ijyb hits you with a +3 dagger of electrocution.
You tentacle-slap Ijyb but do no damage.
You pierce Ijyb, but do no damage.
Ijyb is heavily wounded.
You constrict Ijyb, but do no damage.
Ijyb hits you with a +3 dagger of electrocution.
You tentacle-slap Ijyb.
You pierce Ijyb, but do no damage.
You squeeze Ijyb.
Ijyb is severely wounded.
You constrict Ijyb.
You tentacle-slap Ijyb but do no damage.
Ijyb is severely wounded.
You constrict Ijyb, but do no damage. Ijyb barely misses you.
Casting: Beastly Appendage (safe; 4% risk of failure)
Confirm with . or Enter, or press ? or * to list all spells.
You miscast Ice Form.
You are very lightly contaminated with residual magic.
Your body is twisted painfully.
You constrict Ijyb, but do no damage. Ijyb screams, "Me kill you!"
Ijyb hits you with a +3 dagger of electrocution.
Casting: Ice Form (extremely dangerous; 56% risk of failure)
Confirm with . or Enter, or press ? or * to list all spells.
You miscast Ice Form.
You are lightly contaminated with residual magic.
You shiver with cold!
* * * LOW HITPOINT WARNING * * *
You constrict Ijyb, but do no damage.
Ijyb hits you with a +3 dagger of electrocution.
You die...

................#.......#
................##.....##
................##.....##
.####..##..##..##......#
..####..######..##......#
........#.......##...####
.)......'.......##...##
........#.......#.....#
........#.......@g....#
#.################'####
#+ #.# ...............
...............
#...##..####..# #.. #..#
## #. .... # ....


You could see Ijyb.

Vanquished Creatures
  A hound (D:4)
  Crazy Yiuf (D:3)
  A sleepcap (D:4)
  6 adders
  4 worms
  3 dart slugs
  2 orcs (D:3)
  3 ball pythons
  9 endoplasms
  2 giant cockroaches (D:2)
  6 goblins
  8 hobgoblins
  3 quokkas
  3 bats (D:1)
  A frilled lizard (D:1)
  4 kobolds
  7 rats
64 creatures vanquished.

Vanquished Creatures (others)
  3 plants (D:1)
3 creatures vanquished.

Grand Total: 67 creatures vanquished

Notes
Turn   | Place    | Note
-------+----------+-------------------------------------------
     0 | D:1      | mandoloar the Octopode Transmuter began the quest for the
                  | Orb.
     0 | D:1      | Reached XP level 1. HP: 13/13 MP: 3/3
   135 | D:1      | Reached XP level 2. HP: 18/18 MP: 3/5
   162 | D:1      | Found Kotuppat's Magic Scroll Boutique.
   340 | D:1      | Learned a level 2 spell: Wereblood
   553 | D:1      | Reached XP level 3. HP: 21/23 MP: 3/6
  1196 | D:1      | Found a faded altar of an unknown god.
  1910 | D:2      | Reached XP level 4. HP: 29/29 MP: 5/7
  3086 | D:3      | Learned a level 4 spell: Ice Form
  3110 | D:3      | Found a runed translucent door.
  3111 | D:3      | Noticed Crazy Yiuf
  3258 | D:3      | Reached XP level 5. HP: 29/34 MP: 9/9
  4055 | D:3      | Killed Crazy Yiuf
  4779 | D:4      | Noticed Ijyb
  4816 | D:4      | Reached XP level 6. HP: 24/41 MP: 10/10
  4898 | D:4      | HP: 1/41 [something (15)]
  4898 | D:4      | Slain by Ijyb

Illustrated notes

Levels and vault maps discovered:
D:1:      dpeg_arrival_brainrot, layout_loops_ring,
          dilly_ecumenical_altar_fadedgnrine, serial_shops, shop_scrolls,
          nicolae_wormholes
D:2:      layout_basic, minmay_crystal_water, minmay_misc_feat_room
D:3:      layout_basic, uniq_crazy_yiuf_cottage
D:4:      layout_gridville, minmay_temple_entry_glassed_door, uniq_ijyb

Skill      XL: |  1  2  3  4  5 |
---------------+----------------+-----
Fighting       | 2 |  2.4
Dodging        | 3 |  3.1
Transmutations | 3 |  3.1
Unarmed Combat | |  3.9
Spellcasting   | |  2.9
Ice Magic      | |  0.9

Action                     |  1- 3 |  4- 6 || total
---------------------------+-------+-------++-------
  Melee: Unarmed           |    71 |    88 ||   159
         Kick              |    26 |    31 ||    57
         Tentacles         |    16 |    19 ||    35
         Constrict         |    20 |    17 ||    37
         Punch             |       |     1 ||     1
   Cast: Beastly Appendage |    26 |    25 ||    51
         Ice Form          |       |     1 ||     1
    Use: Scroll            |     6 |     4 ||    10
   Stab: Sleeping          |     6 |     3 ||     9
 Armour: Skin              |     5 |     3 ||     8
  Dodge: Dodged            |    29 |    45 ||    74

Table legend: (Time is in decaauts)
 A = Elapsed time spent in this place.
 B = Non-inter-level travel time spent in this place.
 C = Inter-level travel time spent in this place.
 D = Time resting spent in this place.
 E = Time spent auto-exploring this place.
 F = Levels seen in this place.
 G = Mean time per level.
                   A        B        C        D        E       F      G
               +--------+--------+--------+--------+--------+-----+--------+
         Total |   4893 |   4612 |    281 |   1741 |   2250 |   4 | 1223.2 |
       Dungeon |   4893 |   4612 |    281 |   1741 |   2250 |   4 | 1223.2 |
               +--------+--------+--------+--------+--------+-----+--------+

Top non-repeatable levels by time:
     D:1: 1567 daAuts
     D:3: 1525 daAuts
     D:2: 1232 daAuts
     D:4: 568 daAuts
